Map: Submarine LE

Players

Pmango - Winner!

  • Race: Terran Terran
  • League: Diamond
  • Spawn Location: 5:00

RyuKey

  • Race: Terran Terran
  • League: Diamond
  • Spawn Location: 11:00

VOD

Have the link to the VOD?

Description

Time

  • Played on: June 21, 2020, 5:18 p.m.
  • Length: 9:03
Show
View Real Time Build Order
Export as new Build Order

Pmango Terran - Winner!

Build Orders: Reaper Expand 

Get SALT Encoding   

  12  0:00  SCV  
  13  0:12  SCV  
  14  0:17  Supply Depot  
  14  0:24  SCV  
  15  0:39  Barracks, SCV  
  16  0:44  Refinery  
  16  0:51  SCV  
  17  1:03  SCV  
  18  1:15  SCV  
  19  1:29  Reaper, Orbital Command  
  20  1:43  Command Center  
  20  1:56  Supply Depot  
  20  1:57  SCV  
  21  2:06  Marine  
  21  2:13  Factory  
  21  2:14  SCV  
  22  2:17  Refinery  
  22  2:26  SCV  
  23  2:32  Barracks Reactor  
  23  2:38  SCV  
  24  2:50  SCV  
  25  2:58  Factory Tech Lab, Starport  
  25  3:00  Bunker  
  25  3:02  SCV  
  25  3:04  Orbital Command  
  26  3:17  Marine x2  
  28  3:24  Bunker  
  28  3:25  Cyclone  
  31  3:35  Marine x2  
  33  3:44  SCV  
  34  3:54  SCV  
  34  3:56  Starport Tech Lab  
  34  3:57  SCV  
  34  3:59  Marine  
  39  4:06  SCV  
  39  4:09  SCV  
  41  4:15  Marine  
  41  4:17  Marine  
  42  4:18  SCV  
  42  4:20  Raven  
  46  4:24  SCV  
  46  4:30  Barracks  
  46  4:31  SCV  
  45  4:32  Barracks, Engineering Bay x2  
  45  4:34  Marine  
  46  4:58  Refinery  
  46  4:59  Supply Depot x2  
  46  5:05  SCV  
  46  5:12  Command Center  
  46  5:14  Refinery  
  46  5:19  Stimpack  
  46  5:20  Barracks Reactor x2  
  46  5:21  SCV x2  
  48  5:33  SCV x2  
  48  5:35  Terran Infantry Armor Level 1, Terran Infantry Weapons Level 1  
  50  5:39  Medivac  
  52  5:45  SCV x2  
  52  5:46  Siege Tank  
  57  5:52  Supply Depot  
  57  5:57  Marine, SCV x2  
  60  6:04  Marine x2  
  62  6:13  Marine x2, SCV x2, Viking x2  
  70  6:20  Supply Depot  
  70  6:22  Supply Depot  
  70  6:23  Marine x2  
  70  6:24  Siege Tank  
  75  6:25  SCV  
  75  6:27  SCV  
  77  6:38  Marine x3, SCV  
  81  6:40  Orbital Command  
  81  6:41  Marine, SCV  
  81  6:45  Armory  
  83  6:50  SCV  
  83  6:52  Marine  
  83  6:53  SCV  
  86  6:56  Marine x2  
  86  7:00  Orbital Command  
  88  7:02  SCV  
  88  7:03  Marine  
  88  7:04  Marine  
  88  7:05  SCV  
  92  7:10  Marine  
  92  7:12  Combat Shield  
  92  7:14  Marine x2  
  95  7:17  Barracks x2  
  95  7:21  Marine  
  96  7:25  Marine  
  95  7:41  Marine x2  
  95  7:42  Marine x2  
  77  7:44  Marine  
  77  7:47  Siege Tank  
  81  7:59  Marine x4  
  81  8:00  Viking x2  
  81  8:02  Marine  
  85  8:13  Barracks Reactor  
  85  8:14  Barracks Reactor  
  85  8:17  Marine x4  
  85  8:19  SCV x2, Siege Tank  
  95  8:20  Marine, SCV  
  96  8:29  Factory  
  96  8:30  Viking  
  96  8:31  SCV x2  
  96  8:33  SCV  
Show
View Real Time Build Order
Export as new Build Order

RyuKey Terran 

Build Orders: Reaper Expand 

Get SALT Encoding   

  12  0:00  SCV  
  13  0:12  SCV  
  14  0:17  Supply Depot  
  14  0:25  SCV  
  15  0:38  SCV  
  15  0:41  Barracks  
  16  0:46  Refinery  
  16  0:50  SCV  
  17  1:02  SCV  
  18  1:15  SCV  
  19  1:27  Orbital Command  
  19  1:29  Reaper  
  20  1:44  Command Center  
  20  1:53  SCV  
  21  1:57  Refinery  
  21  2:03  Supply Depot  
  21  2:05  SCV  
  21  2:12  Barracks Reactor  
  21  2:17  SCV  
  21  2:22  Factory  
  22  2:29  SCV  
  23  2:41  SCV  
  24  2:52  Marine x2  
  24  2:53  SCV  
  24  2:58  Orbital Command  
  27  3:05  SCV  
  27  3:09  Starport  
  27  3:10  Marine x2, Factory Tech Lab  
  30  3:18  SCV  
  31  3:24  Supply Depot  
  31  3:25  SCV  
  32  3:30  Marine, SCV  
  32  3:32  Marine  
  35  3:37  SCV  
  36  3:42  SCV  
  36  3:43  Siege Tank  
  36  3:47  Marine  
  41  3:50  SCV  
  41  3:51  Marine  
  41  3:54  SCV  
  43  3:58  Viking  
  43  4:01  Supply Depot  
  43  4:02  SCV  
  46  4:07  SCV  
  47  4:11  Supply Depot  
  47  4:14  SCV  
  47  4:15  Marine  
  47  4:16  Marine  
  50  4:19  SCV  
  50  4:23  Siege Tank  
  54  4:26  SCV  
  54  4:31  SCV  
  56  4:33  Marine x2  
  56  4:34  Starport Reactor  
  58  4:39  SCV  
  58  4:43  SCV  
  59  4:48  Command Center  
  59  4:51  Marine, SCV  
  61  4:55  SCV  
  61  4:56  Refinery x2  
  61  4:59  Supply Depot  
  62  5:02  Marine  
  62  5:03  SCV  
  64  5:07  SCV  
  64  5:09  Marine  
  69  5:15  SCV  
  69  5:16  Barracks  
  69  5:19  Marine, SCV  
  69  5:20  Barracks  
  69  5:23  Barracks  
  69  5:24  Factory Tech Lab  
  69  5:25  Engineering Bay  
  69  5:27  Marine, Engineering Bay  
  70  5:30  Supply Depot  
  70  5:34  SCV x2  
  72  5:37  Marine  
  73  5:44  Marine  
  73  5:46  SCV x2  
  76  5:52  Siege Tank, Supply Depot  
  76  5:55  Marine  
  80  5:58  SCV  
  80  6:03  Marine  
  81  6:05  SCV  
  81  6:09  Orbital Command  
  82  6:13  Marine  
  82  6:14  SCV  
  82  6:15  Missile Turret  
  85  6:18  SCV  
  85  6:22  Barracks Reactor  
  85  6:23  Stimpack  
  85  6:24  Siege Tank, Supply Depot  
  88  6:26  SCV  
  88  6:27  Marine  
  88  6:28  Orbital Command  
  90  6:33  Marine x2  
  90  6:34  Medivac  
  94  6:41  SCV x2  
  94  6:45  Marine  
  97  6:47  Supply Depot  
  97  6:50  Marine  
  97  6:53  SCV  
  97  6:54  Terran Infantry Armor Level 1, SCV, Terran Infantry Weapons Level 1  
  100  6:58  SCV  
  101  7:03  Medivac  
  101  7:06  SCV x2  
  104  7:10  Supply Depot  
  104  7:20  Marine  
  105  7:25  SCV  
  97  7:41  Marine x3  
  97  7:42  Marine x2, Siege Tank  
  85  7:47  SCV x3  
  83  7:59  Marine, SCV x3  
  87  8:08  Medivac x2  
  87  8:11  SCV x2  
  87  8:12  Refinery, Marine x4, SCV  
  95  8:17  Marine, Supply Depot  
  99  8:23  SCV x2  
  99  8:27  Command Center  
  101  8:30  Marine x4, SCV  
  101  8:31  Barracks x2, Armory  
  106  8:35  Marine, SCV  
  108  8:42  SCV x2  
Tags
 
Add a new tag
Caveats
  • Supply blocks, unpowered buildings, or Contaminate may cause inaccurate times.
  • Supply counts are checked every 10 seconds.